 Dungeon Crawl Stone Soup version 0.30-a0-364-gf6b3ef1049 (console) character file.

Game seed: 11859598118570795078

63580 petzl the Warrior (level 15, -6/187 (193) HPs)
             Began as a Formicid Delver on Nov 13, 2022.
             Was a High Priest of Vehumet.
             Mangled by a bone dragon (7 damage)
             ... on level 3 of the Abyss on Nov 15, 2022.
             The game lasted 04:00:43 (31781 turns).

petzl the Warrior (Formicid Delver)                Turns: 31781, Time: 04:00:44

HP:   -6/187 (193)  AC: 34    Str: 17    XL:     15   Next: 50%
MP:   27/29         EV:  2    Int: 15    God:    Vehumet [*****.]
Gold: 1969          SH: 12    Dex: 24    Spells: 29/40 levels left

rFire   . . .      SeeInvis .    a - +7 eveningstar "Zioh" {vorpal, Dex+5}
rCold   . . .      Faith    .    U - +1 buckler {AC+3}
rNeg    . . .      Spirit   .    (body armour currently unavailable)
rPois   +          Reflect  +    (helmet unavailable)
rElec   .          Harm     .    (cloak currently unavailable)
rCorr   .          Rampage  .    (gloves currently unavailable)
Will    ++...                    (boots currently unavailable)
Stlth   +++++.....               J - amulet of reflection
HPRegen 0.51/turn                C - ring of willpower
MPRegen 0.21/turn                z - +4 ring of protection

@: tree-form, lightly drained
A: stationary, stasis, torment immunity, boosted hp, permanent stasis, dig
shafts and tunnels, (antennae 3), four strong arms, (fangs 1), (iridescent
scales 2), agile 1, low MP 1
a: Renounce Religion


You were on level 3 of the Abyss.
You worshipped Vehumet.
Vehumet was extremely pleased with you.
You were a tree.
You visited 5 branches of the dungeon, and saw 24 of its levels.
You visited the Abyss 1 time.
You also visited: Bailey.

You collected 3232 gold pieces.
You spent 1263 gold pieces at shops.

Inventory:

Hand Weapons
 a - the +7 eveningstar "Zioh" (weapon) {vorpal, Dex+5}
   (You acquired it on level 2 of the Lair of Beasts)

   It inflicts extra damage upon your enemies.
   Dex:       It affects your dexterity (+5).
 b - a +2 vorpal hand crossbow
 c - a +0 demon whip of venom
 t - a +1 scimitar of flaming
Missiles
 k - 34 poisoned darts (quivered)
 O - 3 throwing nets
Armour
 d - the +1 robe of Cediomn {rF+ rC++ Int-2 Dex+2}
   (You took it off an orc high priest on level 1 of the Elven Halls)

   Int:       It affects your intelligence (-2).
   Dex:       It affects your dexterity (+2).
   rF:        It protects you from fire.
   rC:        It greatly protects you from cold.
 g - the +3 leather armour of Subjectivity {Drain rElec Dex+3}
   (You bought it in a shop on level 1 of the Elven Halls)

   Dex:       It affects your dexterity (+3).
   rElec:     It insulates you from electricity.
   Drain:     It drains your maximum health when unequipped.
 i - a +1 pair of gloves of dexterity (melded)
 n - a +1 leather armour of cold resistance
 r - the +2 ratskin cloak (melded) {*Rats rPois rN+ Str-1 Int-1 Dex+1}
   (You found it on level 2 of the Dungeon)

   When the wearer is hurt, rats may emerge from it to assist them.
   Str:       It affects your strength (-1).
   Int:       It affects your intelligence (-1).
   Dex:       It affects your dexterity (+1).
   rPois:     It protects you from poison.
   rN:        It protects you from negative energy.
 D - a +5 ring mail of positive energy (melded)
 M - the +0 pair of gloves of Kut Vot {rElec rCorr Int-2}
   (You found it in a bailey)

   Int:       It affects your intelligence (-2).
   rElec:     It insulates you from electricity.
   rCorr:     It protects you from acid and corrosion.
 U - a +1 buckler of protection (worn)
 Z - a +1 pair of boots of flying (melded)
Jewellery
 u - a ring of protection from cold
 z - a +4 ring of protection (right branch)
 C - a ring of willpower (left branch)
 J - an amulet of reflection (around neck)
 S - a ring of willpower
 X - a ring of flight
Wands
 f - a wand of digging (8)
 y - a wand of iceblast (4)
 A - a wand of light (9)
 I - a wand of polymorph (7)
 P - a wand of charming (11)
 Y - a wand of flame (4)
Scrolls
 e - 3 scrolls of fear
 h - 3 scrolls of poison
 E - 3 scrolls of fog
 H - 3 scrolls of magic mapping
 V - 4 scrolls of identify
Potions
 m - 3 potions of flight
 w - a potion of magic
 L - 3 potions of lignification
Miscellaneous
 v - a tin of tremorstones (2/2)
 N - a phantom mirror (inert)


   Skills:
 + Level 15.0 Fighting
 - Level 1.4(2.9) Axes
 + Level 4.0(4.1) Maces & Flails
 + Level 3.9 Ranged Weapons
 - Level 3.0 Armour
 - Level 3.0 Dodging
 - Level 9.0 Stealth
 - Level 4.0 Shields
 + Level 13.3 Spellcasting
 + Level 10.7 Conjurations
 - Level 5.0 Hexes
 - Level 4.0 Necromancy
 - Level 4.0 Transmutations
 + Level 7.0 Fire Magic
 - Level 6.0 Poison Magic
 - Level 3.0 Evocations


You had 29 spell levels left.
You knew the following spells:

 Your Spells              Type           Power      Damage    Failure   Level
a - Slow                  Hex            96%        N/A       1%          1
b - Kiss of Death         Conj/Necr      100%       2d13      1%          1
c - Scorch                Fire           62%        2d8       1%          2
I - Ignite Poison         Fire/Tmut/Pois 27%        N/A       1%          3
T - Olgreb's Toxic Radia  Pois           27%        N/A       2%          4

Your spell library contained the following spells:

 Spells                   Type           Power      Damage    Failure   Level
 Iron Shot                Conj/Erth      13%        9d3       34%         6
 Beastly Appendage        Tmut           42%        N/A       1%          1
 Magic Dart               Conj           100%       1d8       1%          1
 Shock                    Conj/Air       100%       1d9       1%          1
 Poisonous Vapours        Pois/Air       36%        N/A       1%          2
 Hailstorm                Conj/Ice       26%        3d7       1%          3
 Inner Flame              Hex/Fire       28%        N/A       1%          3
 Mephitic Cloud           Conj/Pois/Air  26%        N/A       1%          3
 Flame Wave               Conj/Fire      36%        2d10      1%          4
 Freeze                   Ice            36%        1d5       2%          1
 Cigotuvi's Dreadful Rot  Necr/Pois/Air  38%        N/A       3%          2
 Confusing Touch          Hex            24%        N/A       3%          3
 Vampiric Draining        Necr           21%        2d7       4%          3
 Frozen Ramparts          Ice            18%        1d3       7%          3
 Arcjolt                  Conj/Air       13%        1d23      7%          5
 Cause Fear               Hex            12%        N/A       11%         4
 Gell's Gravitas          Tloc           9%         N/A       26%         3
 Teleport Other           Tloc           9%         N/A       26%         3
 Vhi's Electric Charge    Tloc/Air       18%        N/A       26%         3
 Summon Mana Viper        Hex/Summ       17%        N/A       65%         5
 Summon Forest            Summ/Tloc      4%         N/A       94%         5
 Dispersal                Tloc           4%         N/A       100%        6
 Summon Cactus Giant      Summ           4%         N/A       100%        6
 Discord                  Hex            12%        N/A       100%        8
 Maxwell's Capacitive Co  Air            4%         ∞         100%        8


Dungeon Overview and Level Annotations

Branches:
Dungeon (15/15)            Temple (1/1) D:5            Lair (5/5) D:11
  Swamp (0/4) Lair:3        Snake (0/4) Lair:3        Slime (0/5) Lair:4
    Orc (2/2) D:11            Elf (1/3) Orc:2        Bailey (visited)
 Vaults: D:13-14     Depths: D:15

Altars:
Ashenzari
Cheibriados
Dithmenos
Elyvilon
Fedhas
Gozag
Hepliaklqana
Kikubaaqudgha
Makhleb
Nemelex Xobeh
Okawaru
Qazlal
Ru
Sif Muna
Trog
Uskayaw
Vehumet
Wu Jian
Xom
Yredelemnul
Zin
The Shining One
Jiyva

Shops:
D:2 !   Orc:1 [   Orc:2 :[!*   Elf:1 *[*

Annotations:
D:2 exclusion: sensed monster (detected), Natasha
D:3 exclusions: downstairs and upstairs
D:6 exclusions: downstairs and upstairs
D:7 2 transporters, exclusion: downstairs, avis's ghost, novice DgIE
D:8 3 runed translucent doors, experimilk's ghost, novice DrCj
D:9 4 runed translucent doors, exclusion: downstairs
D:11 exclusions: downstairs and 2 upstairs
D:12 exclusion: 2 downstairs
D:13 exclusion: 2 downstairs
Lair:1 Puis's ghost, journeyman DgIE; Sonja; tinescath's ghost, journeyman TrBe
Lair:5 exclusion: obsidian statue
Orc:1 1 runed translucent door


Innate Abilities, Weirdness & Mutations

You are a tree.
Your roots penetrate the ground, keeping you stationary.
You cannot be teleported.
You are immune to unholy pain and torment.
Your maximum health is greatly increased.
Your equipment is partially melded.
You cannot be hasted, slowed, berserked, paralysed or teleported.
You can dig through walls and to a lower floor.
((You have a pair of large antennae on your head. (SInv)))
Your four strong arms can wield two-handed weapons with a shield.
((You have very sharp teeth.))
((You are mostly covered in iridescent scales. (AC +4)))
You are agile. (Dex +4, Str/Int -1)
Your magical capacity is low. (-10% MP)


Message History

Casting: Ignite Poison (safe; 1% risk of failure)
Confirm with . or Enter, or press ? or * to list all spells.
You ignite the poison in your surroundings!
The large abomination is engulfed in blazing flames.
You block the bone dragon's attack.
The bone dragon claws you but does no damage.
The bone dragon tramples you but does no damage.
Unknown command.
Okay, then.
Unknown command.
Unknown command.
Unknown command.
Unknown command.
Okay, then.
Unknown command.
Unknown command.
Unknown command.
Unknown command.
You barely miss the bone dragon.
The bone dragon is heavily damaged.
The bone dragon bites you but does no damage.
The bone dragon barely misses you.
The bone dragon tramples you but does no damage.
You barely miss the bone dragon.
The bone dragon is heavily damaged.
The bone dragon bites you but does no damage.
The bone dragon claws you but does no damage.
The bone dragon tramples you.
* * * LOW HITPOINT WARNING * * *
The large abomination is engulfed in blazing flames.
Press: ? - help, v - describe, . - travel
Here: a bone dragon (heavily damaged)
The floor, spattered with blood.
Unknown command.
Unknown command.
Unknown command.
You sock the bone dragon!
The bone dragon is severely damaged.
You block the bone dragon's attack. The bone dragon claws you!
You die...

## ##.#
..#. ..#
... ##.##
... .. .#
{ . ##.
#.# #.#
##°#. #
#. #.
○### #.#
# #D.#
#..###♣##
#.#°## #
. ##. ##
# .#.###
{ #.##.
.### #
##.....X
# #§# ..#
. .# {{
#§§ ## .
. #§##
.####..
#.# # # .
##... .§
..#. . .
# ..#.u..
. .. #.
###. .
##.†.† .
.. #..
#... ..
#. ... .
. ... . .
. .


You could see a bone dragon.

Vanquished Creatures
  A deep elf annihilator (Elf:1)
  A dire elephant (Lair:5)
  The ghost of experimilk the Destroyer, a journeyman DrCj of Sif Muna (Lair:2)
  2 hydras
  A catoblepas (Lair:5)
  Erica (Orc:1)
  4 dancing weapons
  A centaur warrior (D:12)
  A boulder beetle (D:11)
  A two-headed ogre (D:12)
  3 orc high priests
  Urug (Lair:3)
  A spectral dire elephant (Lair:5)
  A spectral death yak (Lair:5)
  A deep troll (Orc:2)
  A deep elf archer (Elf:1)
  7 orc knights (Orc:2)
  Pikel (D:6)
  A lindwurm (Lair:5)
  3 necromancers (Lair:5)
  4 deep elf pyromancers
  2 deep elf zephyrmancers (Elf:1)
  2 ugly things (D:12)
  An oklob plant (Lair:4)
  6 orc sorcerers (Orc:2)
  A cyclops (D:12)
  A manticore (D:11)
  6 centaur zombies (D:12)
  10 elephants
  3 black mambas
  7 cane toads
  A dire elephant zombie (Lair:5)
  4 gargoyles
  A dire elephant skeleton (Lair:5)
  2 rime drakes (Lair:5)
  An unseen horror (D:12)
  5 komodo dragons
  6 trolls
  4 slime creatures
  A hornet (shapeshifter) (Elf:1)
  2 polar bears
  2 hornets
  2 spectral elephants (Lair:5)
  4 raiju (Abyss:3)
  6 blink frogs
  An air elemental (Elf:1)
  3 shadows
  A vampire (D:8)
  24 yaks
  4 wraiths
  5 basilisks
  5 wyverns
  A golden eye (Abyss:3)
  3 vampire mosquitoes (D:11)
  2 steam dragons
  Menkaure (D:4)
  A fire elemental (Elf:1)
  5 wargs
  A naga (Lair:3)
  2 spectral cane toads (Lair:5)
  An acid dragon (D:9)
  8 water moccasins
  30 orc warriors
  2 black bears (D:8)
  3 sky beasts
  An ice beast (D:6)
  14 wolves
  3 ogres
  8 centaurs
  An elephant skeleton (Lair:5)
  A kobold brigand (D:10)
  10 bullfrogs
  A gnoll sergeant (D:11)
  2 necrophages
  A cane toad simulacrum (Lair:5)
  3 wights (D:9)
  4 scorpions
  2 elephant simulacra (Lair:5)
  19 killer bees
  A howler monkey (D:11)
  2 vampire bats (D:10)
  A hound (D:5)
  A quasit (D:8)
  23 orc priests
  2 gnoll boudas (D:10)
  4 jellies
  An iguana (D:6)
  45 orc wizards
  13 gnolls
  4 adders
  6 shadow imps
  6 white imps
  5 ufetubi
  3 dart slugs
  78 orcs
  2 ball pythons
  6 bats
  4 bat skeletons (D:10)
  2 bat zombies (D:10)
  3 endoplasms
  3 giant cockroaches
  7 goblins
  8 hobgoblins
  4 jackals (D:2)
  5 quokkas
  2 frilled lizards (D:1)
  6 kobolds
  A rat (D:2)
539 creatures vanquished.

Vanquished Creatures (collateral kills)
  A spectral anaconda (Lair:5)
  A cane toad (Lair:4)
  A komodo dragon (Lair:1)
  A slime creature (Lair:4)
  2 blink frogs (Lair:1)
  3 orc warriors (Bailey)
  An ogre (D:4)
  A wolf (Lair:2)
  A quasit (D:9)
  A jelly (D:6)
  An iguana (D:6)
  2 white imps (D:8)
  5 orcs
  2 goblins (D:8)
23 creatures vanquished.

Vanquished Creatures (others)
  8 demonic plants (D:8)
  29 fungi
  29 plants
  31 withered plants
97 creatures vanquished.

Grand Total: 659 creatures vanquished

Notes
Turn   | Place    | Note
-------+----------+-------------------------------------------
     0 | D:5      | petzl the Formicid Delver began the quest for the Orb.
     0 | D:5      | Reached XP level 1. HP: 18/18 MP: 1/1
     7 | D:5      | Found an ornate altar of the Wu Jian Council.
    58 | D:5      | Noticed a hound
   119 | D:4      | Reached XP level 2. HP: 15/24 MP: 1/3
   193 | D:3      | Reached skill level 1 in Spellcasting
   316 | D:3      | Reached skill level 1 in Armour
   322 | D:3      | Reached XP level 3. HP: 23/29 MP: 4/4
   553 | D:4      | Noticed Menkaure
  1603 | D:2      | Found a shimmering altar of Xom.
  1868 | D:2      | Found the +2 ratskin cloak {*Rats rPois rN+ Str-1 Int-1
                  | Dex+1}
  1934 | D:2      | Reached XP level 4. HP: 37/37 MP: 6/6
  2081 | D:2      | Noticed Natasha
  2085 | D:2      | Learned a level 1 spell: Slow
  2215 | D:2      | Found Mifibbul's Distillery.
  2307 | D:2      | Bought a potion of curing for 36 gold pieces
  2880 | D:4      | Reached skill level 1 in Hexes
  2880 | D:4      | Reached XP level 5. HP: 42/42 MP: 8/8
  2963 | D:4      | Noticed an ogre
  2969 | D:4      | You fall into a shaft and drop 3 floors!
  3031 | D:6      | Reached skill level 4 in Fighting
  3037 | D:6      | Gained mutation: You occasionally lose the ability to drink
                  | potions when taking damage. [potion of mutation]
  3038 | D:6      | Lost mutation: You occasionally lose the ability to drink
                  | potions when taking damage. [potion of mutation]
  3038 | D:6      | Gained mutation: You are agile. (Dex +4, Str/Int -1)
                  | [potion of mutation]
  3038 | D:6      | Gained mutation: You are partially covered in iridescent
                  | scales. (AC +2) [potion of mutation]
  3038 | D:6      | Gained mutation: Your magical capacity is low. (-10% MP)
                  | [potion of mutation]
  3038 | D:6      | Gained mutation: You have very sharp teeth. [potion of
                  | mutation]
  3056 | D:6      | Reached XP level 6. HP: 35/48 MP: 8/8
  3242 | D:5      | Noticed Pikel
  3250 | D:5      | You fall into a shaft and drop 1 floor!
  3319 | D:5      | You fall into a shaft and drop 2 floors!
  3328 | D:7      | Noticed a water moccasin
  3465 | D:7      | Noticed a sky beast
  3530 | D:6      | Reached XP level 7. HP: 42/55 MP: 10/10
  3671 | D:7      | Found a glowing golden altar of the Shining One.
  3697 | D:7      | Found a transporter.
  3701 | D:7      | Noticed a steam dragon
  3723 | D:7      | You fall into a shaft and drop 2 floors!
  3723 | D:9      | Found a large runed translucent door.
  3723 | D:9      | Found a large runed translucent door.
  3852 | D:9      | Noticed a meliai
  3852 | D:9      | Noticed a deep elf pyromancer
  3855 | D:9      | Found a large runed translucent door.
  3855 | D:9      | Found a large runed translucent door.
  3959 | D:10     | Entered Level 10 of the Dungeon
  3959 | D:10     | Noticed a vampire
  4194 | D:7      | Found a transporter.
  4214 | D:7      | Reached skill level 5 in Fighting
  4254 | D:7      | Noticed a water moccasin
  4267 | D:8      | Found a flagged portal.
  4294 | Bailey   | Entered a bailey
  4797 | Bailey   | Reached XP level 8. HP: 20/52 MP: 11/13
  5056 | Bailey   | Reached skill level 6 in Fighting
  5155 | Bailey   | Reached skill level 5 in Spellcasting
  5364 | Bailey   | Reached skill level 7 in Fighting
  5594 | Bailey   | Reached XP level 9. HP: 33/72 MP: 16/16
  5769 | Bailey   | Identified the +0 pair of gloves of Kut Vot {rElec rCorr
                  | Int-2}
  5930 | D:8      | Found a broken altar of Ashenzari.
  6099 | D:6      | Reached skill level 8 in Fighting
  6407 | D:6      | Killed Pikel
  6408 | D:6      | Reached skill level 9 in Fighting
  6632 | D:5      | Found a staircase to the Ecumenical Temple.
  6641 | Temple   | Entered the Ecumenical Temple
  6721 | Temple   | Became a worshipper of Vehumet
  7225 | D:5      | Reached XP level 10. HP: 69/83 MP: 20/20
  7590 | D:4      | Killed Menkaure
  7975 | D:7      | Reached skill level 10 in Fighting
  8060 | D:7      | You fall into a shaft and drop 1 floor!
  8308 | D:8      | Found a bloodstained altar of Trog.
  8334 | D:8      | Found a runed translucent gate.
  8338 | D:8      | Found a runed translucent gate.
  8338 | D:8      | Found an opulent altar of Gozag.
  8339 | D:8      | Found a runed translucent gate.
  8384 | D:8      | Reached skill level 10 in Spellcasting
  8579 | D:7      | Reached * piety under Vehumet
  8579 | D:7      | Offered knowledge of Kiss of Death by Vehumet.
  8585 | D:7      | Noticed a komodo dragon
  8597 | D:7      | Noticed a boulder beetle
  8601 | D:7      | Learned a level 1 spell: Kiss of Death
  8623 | D:7      | You fall into a shaft and drop 1 floor!
  8762 | D:8      | Noticed experimilk's ghost (novice DrCj)
  9006 | D:8      | Reached skill level 1 in Conjurations
  9248 | D:7      | Found a shadowy altar of Dithmenos.
  9248 | D:7      | Found a shimmering blue altar of Sif Muna.
 10101 | D:7      | Noticed avis's ghost (novice DgIE)
 10253 | D:9      | Found a snail-covered altar of Cheibriados.
 10253 | D:9      | Noticed a torpor snail
 10253 | D:9      | Noticed a torpor snail
 10371 | D:9      | Reached XP level 11. HP: 86/92 MP: 22/22
 10686 | D:9      | Reached skill level 11 in Fighting
 10753 | D:8      | You fall into a shaft and drop 2 floors!
 11029 | D:12     | Noticed a purple ugly thing
 11041 | D:13     | Noticed a skeletal warrior
 11041 | D:13     | Noticed a skeletal warrior
 11041 | D:13     | Noticed a skeletal warrior
 11041 | D:13     | Noticed a skeletal warrior
 11041 | D:13     | Noticed a skeletal warrior
 11285 | D:11     | Reached skill level 5 in Conjurations
 11287 | D:11     | Reached ** piety under Vehumet
 11406 | D:11     | Offered knowledge of Scorch by Vehumet.
 11410 | D:11     | Learned a level 2 spell: Scorch
 11436 | D:11     | Noticed a manticore
 11471 | D:11     | You fall into a shaft and drop 3 floors!
 11471 | D:11     | HP: 3/93 [barbs]
 11729 | D:14     | Noticed a centaur warrior
 11739 | D:14     | Noticed a manticore
 11745 | D:14     | You fall into a shaft and drop 1 floor!
 11745 | D:15     | Entered Level 15 of the Dungeon
 11919 | D:15     | Noticed a manticore
 12069 | D:14     | Noticed a manticore
 12197 | D:14     | Noticed a five-headed hydra
 12291 | D:13     | Noticed a cyclops
 12313 | D:13     | Noticed a centaur warrior
 12317 | D:13     | You fall into a shaft and drop 1 floor!
 12615 | D:10     | Got Veusch's Tutorial on Incantation
 12790 | D:10     | Reached skill level 1 in Fire Magic
 12790 | D:10     | Reached skill level 1 in Evocations
 12948 | D:11     | Reached skill level 1 in Necromancy
 13082 | D:11     | Noticed a boulder beetle
 13455 | D:12     | Noticed a centaur warrior
 13555 | D:11     | Found a staircase to the Lair.
 13560 | Lair:1   | Entered Level 1 of the Lair of Beasts
 13588 | D:11     | Reached skill level 1 in Shields
 13736 | Lair:1   | Found the +14 obsidian axe {vorpal, Mesm Drain Fly SInv}
 13963 | Lair:1   | Noticed Sonja
 14091 | Lair:1   | Reached XP level 12. HP: 54/101 MP: 24/24
 14872 | Lair:2   | Identified a scroll of acquirement
 15130 | Lair:3   | Reached skill level 12 in Fighting
 15275 | Lair:3   | Offered knowledge of Ignite Poison by Vehumet.
 15280 | Lair:3   | Learned a level 3 spell: Ignite Poison
 15392 | Lair:3   | Reached skill level 1 in Transmutations
 15626 | Lair:3   | Found a staircase to the Snake Pit.
 15676 | Lair:2   | Found a runed translucent gate.
 15676 | Lair:2   | Found a runed translucent gate.
 15676 | Lair:2   | Found a runed translucent gate.
 15677 | Lair:2   | Noticed experimilk's ghost (journeyman DrCj)
 15677 | Lair:2   | Noticed Puis's ghost (journeyman DgIE)
 15677 | Lair:2   | Noticed tinescath's ghost (journeyman TrBe)
 15739 | Lair:2   | Reached skill level 1 in Axes
 15777 | Lair:2   | Reached skill level 1 in Ranged Weapons
 16730 | Lair:3   | Noticed Urug
 17266 | Lair:4   | Noticed a five-headed hydra
 17663 | Lair:4   | Found a viscous altar of Jiyva.
 17663 | Lair:4   | Found a staircase to the Slime Pits.
 17954 | Lair:4   | Reached skill level 1 in Poison Magic
 18096 | Lair:4   | Reached *** piety under Vehumet
 18421 | Lair:5   | Entered Level 5 of the Lair of Beasts
 18568 | Lair:5   | Noticed a catoblepas
 18613 | Lair:5   | Noticed a five-headed hydra
 18946 | Lair:5   | Reached XP level 13. HP: 108/108 MP: 25/25
 19188 | Lair:5   | Offered knowledge of Olgreb's Toxic Radiance by Vehumet.
 19193 | Lair:5   | Reached skill level 5 in Fire Magic
 19198 | Lair:5   | Learned a level 4 spell: Olgreb's Toxic Radiance
 19865 | Lair:5   | Acquired the +7 eveningstar "Zioh" {vorpal, Dex+5}
 20213 | Lair:5   | Reached skill level 5 in Hexes
 20424 | Lair:5   | Noticed a dire elephant
 20424 | Lair:5   | Noticed a dire elephant
 21186 | Lair:5   | Reached **** piety under Vehumet
 21404 | Lair:5   | HP: 5/109 [barbs]
 21911 | Lair:5   | Killed a dire elephant
 21911 | Lair:5   | Offered knowledge of Dazzling Flash by Vehumet.
 22223 | Lair:5   | Killed a five-headed hydra
 22224 | Lair:5   | Reached skill level 13 in Fighting
 22409 | Lair:5   | Reached skill level 5 in Poison Magic
 22866 | Lair:5   | Killed a catoblepas
 23640 | Lair:5   | Gained mutation: You are mostly covered in iridescent
                  | scales. (AC +4) [a neqoxec]
 23866 | Lair:4   | Killed a five-headed hydra
 23867 | Lair:4   | Reached XP level 14. HP: 118/118 MP: 26/26
 24042 | Lair:3   | Killed Urug
 24139 | Lair:3   | Found a staircase to the Swamp.
 24291 | Lair:1   | You fall into a shaft and drop 1 floor!
 24569 | Lair:2   | Killed experimilk's ghost
 24790 | D:11     | Identified the +1 robe of Abstinence {Will- Str+2 Int-4
                  | Dex+7}
 24895 | D:11     | Found a staircase to the Orcish Mines.
 24911 | Orc:1    | Entered Level 1 of the Orcish Mines
 24911 | Orc:1    | Found Pesios's Armour Boutique.
 24914 | Orc:1    | Bought a +0 pair of boots of flying for 126 gold pieces
 24914 | Orc:1    | Bought a +1 buckler of protection for 181 gold pieces
 25061 | Orc:1    | Noticed Erica
 25170 | Orc:2    | Entered Level 2 of the Orcish Mines
 25354 | Orc:2    | Reached ***** piety under Vehumet
 25432 | Orc:2    | Offered knowledge of Iskenderun's Mystic Blast by Vehumet.
 25874 | Orc:2    | Found a staircase to the Elven Halls.
 26193 | Orc:2    | Reached skill level 14 in Fighting
 26814 | Orc:2    | Found Igrain's Distillery.
 26814 | Orc:2    | Found Uduolie's General Store.
 26819 | Orc:2    | Found Veappuit's Antique Armour Shoppe.
 26821 | Orc:2    | Found Veodd's Book Shoppe.
 27393 | Orc:2    | Bought a fading cloak for 199 gold pieces
 27393 | Orc:2    | Identified the +3 cloak "Entoagusk" {-Cast Fly Str+4 SInv}
                  | (You bought it in a shop on level 2 of the Orcish Mines)
 27395 | Orc:2    | Bought a potion of heal wounds for 90 gold pieces
 27395 | Orc:2    | Bought 2 potions of heal wounds for 180 gold pieces
 27395 | Orc:2    | Bought a potion of heal wounds for 90 gold pieces
 27427 | Elf:1    | Entered Level 1 of the Elven Halls
 27601 | Orc:1    | Killed Erica
 27745 | Orc:1    | Found a runed translucent door.
 27748 | Orc:1    | Noticed a balrug
 27913 | D:11     | Reached skill level 10 in Conjurations
 29250 | D:10     | Offered knowledge of Iron Shot by Vehumet.
 29278 | D:10     | Found an ancient bone altar of Kikubaaqudgha.
 29414 | D:12     | Reached XP level 15. HP: 126/127 MP: 13/28
 31165 | Elf:1    | Identified the +1 robe of Cediomn {rF+ rC++ Int-2 Dex+2}
 31261 | Elf:1    | Found Qoasiwk's Antique Armour Boutique.
 31269 | Elf:1    | Bought an ancient leather armour for 189 gold pieces
 31269 | Elf:1    | Identified the +3 leather armour of Subjectivity {Drain
                  | rElec Dex+3} (You bought it in a shop on level 1 of the
                  | Elven Halls)
 31339 | Elf:1    | Found Irur's General Store.
 31416 | Elf:1    | Found Xosousunor's Assorted Antiques.
 31481 | Elf:1    | Bought a pair of embroidered gloves for 172 gold pieces
 31496 | Elf:1    | Acquired 1103 gold pieces
 31571 | Abyss:3  | Cast into level 3 of the Abyss (+2 trident of distortion)
 31700 | Abyss:3  | Noticed a red very ugly thing
 31714 | Abyss:3  | Noticed a bone dragon
 31724 | Abyss:3  | Upgraded the game from 0.30-a0-359-gd0147acb1a to
                  | 0.30-a0-364-gf6b3ef1049
 31727 | Abyss:3  | Noticed a red very ugly thing
 31737 | Abyss:3  | Reached skill level 15 in Fighting
 31773 | Abyss:3  | HP: 9/187 [bone dragon (13)]
 31773 | Abyss:3  | HP: 2/187 [bone dragon (7)]
 31780 | Abyss:3  | HP: 1/187 [bone dragon (4)]
 31781 | Abyss:3  | Mangled by a bone dragon

Illustrated notes

Levels and vault maps discovered:
D:1:      wander_arrival_lonely_grave, layout_loops_ring,
          minmay_misc_feat_ornament
D:2:      layout_loops_cross, serial_shops, nicolae_diamond_shop, basic_altar,
          uniq_crazy_yiuf_cottage, uniq_natasha
D:3:      layout_loops_ring, kennysheep_cross_room, guppyfry_early_lair_pool
D:4:      layout_loops_ring, kennysheep_nub, uniq_menkaure
D:5:      layout_gridville, overflow_temple_1_default, minmay_temple_entry_grid,
          uniq_pikel
D:6:      layout_basic
D:7:      layout_layer_cave, mainiacjoe_overflow_six_doors_small,
          gammafunk_temple_overflow_wave, nzn_ghost_randoct
D:8:      layout_cave_pools, ashenzari_altar_1, trog_ov_bears_minmay,
          serial_demonic, serial_demonic_g, serial_demonic_g, serial_demonic_e,
          serial_demonic_b, serial_demonic_b, serial_demonic_a,
          serial_demonic_g, serial_demonic_a, serial_demonic_d,
          serial_demonic_e, enter_bailey_3, ebering_ghost_gozag
D:9:      layout_basic, cheibriados_altar_2, minmay_hollow_rounded_squares
D:10:     layout_long_grid, kennysheep_vampire_church
D:11:     layout_roguey, lair_entry_dummy, david_orc_4
D:12:     layout_loops_cross, serial_undead, serial_undead_b, serial_undead_f,
          serial_undead_e, serial_undead_e
D:13:     layout_irregular_city
D:14:     layout_basic, skrybe_vaults_entry_preservation, kennysheep_doodads,
          special_room [special_room_bee], serial_aquarium,
          aquarium_bridge_straight [aquarium_subvault_bridge,
          aquarium_subvault_balcony, aquarium_subvault_bridge,
          aquarium_subvault_wall], aquarium_bridge_square
          [aquarium_subvault_bridge, aquarium_subvault_bridge,
          aquarium_subvault_bridge, aquarium_subvault_bridge],
          aquarium_window_2, aquarium_window_corner, aquarium_view_2e,
          aquarium_view_2b, aquarium_balcony_3b
D:15:     gammafunk_enter_depths_forms, layout_loops_ring, chequers_garden,
          uniq_josephine
Temple:   nicolae_temple_great_sept
Lair:1:   layout_regular_city, uniq_sonja
Lair:2:   layout_layer_cave, gammafunk_ghost_cemetery
Lair:3:   layout_cave_pods, swamp_mist, guppyfry_snake_entry_garden,
          lemuel_fruit_fields, serial_bayou_shore_b, lemuel_fruit_tree,
          uniq_urug
Lair:4:   layout_roguey, minmay_slime_entry_pillars, serial_bayou_pond_e
Lair:5:   due_jungle_book, layout_small_grid
Orc:1:    dreamdust_dug_too_deep, layout_caves, serial_shops, shop, uniq_erica
Orc:2:    st_orc_mages, layout_caves, guppyfry_orc_lava_fort
Elf:1:    eino_elf_arrival_the_gate, layout_loops_cross, serial_shops,
          nicolae_square_shop, nicolae_shop_statue_plus,
          nicolae_shop_window_shopping, nicolae_shop_hallway_stairs,
          hangedman_elf_represent, minmay_crystal_room, st_stairs_7,
          lemuel_upstairs_altar
Abyss:3:  base: Orc:1, serial_sigils_hangedman_quiver,
          serial_sigils_hangedman_quiver, base: Orc:1,
          serial_sigils_hangedman_quiver, evilmike_abyss_exit_16

Skill      XL: |  1  2  3  4  5  6  7  8  9 10 11 12 13 14 15 |
---------------+----------------------------------------------+-----
Spellcasting   | 1 2 3 4 6 8 10 11 12 13 | 13.3
Dodging        | 2 3 |  3.0
Armour         | 1 2 3 |  3.0
Hexes          | 1 2 3 4 5 |  5.0
Fighting       | 4 5 7 9 10 11 12 13 14 15 | 15.0
Conjurations   | 3 6 7 8 10 | 10.7
Fire Magic     | 2 4 6 7 |  7.0
Evocations     | 2 3 |  3.0
Necromancy     | 2 4 |  4.0
Shields        | 3 4 |  4.0
Transmutations | 3 4 |  4.0
Axes           | 1 |  1.4
Ranged Weapons | 2 3 |  3.9
Poison Magic   | 2 5 6 |  6.0
Stealth        | 8 9 |  9.0
Maces & Flails | 4 |  4.0

Action                   |  1- 3 |  4- 6 |  7- 9 | 10-12 | 13-15 || total
-------------------------+-------+-------+-------+-------+-------++-------
Melee: Mace              |   104 |    58 |       |       |       ||   162
       Punch             |     1 |       |     6 |    14 |       ||    21
       Rapier            |       |    34 |   359 |   210 |       ||   603
       Bite              |       |     8 |    36 |   115 |    52 ||   211
       Hand axe          |       |       |       |   551 |    44 ||   595
       Demon whip        |       |       |       |     1 |    18 ||    19
       Eveningstar       |       |       |       |       |   279 ||   279
       Broad axe         |       |       |       |       |     6 ||     6
 Fire: Shortbow          |       |       |       |   157 |    33 ||   190
       Hand crossbow     |       |       |       |       |   132 ||   132
Throw: Boomerang         |       |     7 |       |       |       ||     7
       Dart              |       |    15 |   130 |    31 |     2 ||   178
 Cast: Slow              |       |       |    16 |   303 |    23 ||   342
       Scorch            |       |       |       |     3 |     1 ||     4
       Kiss of Death     |       |       |       |     2 |       ||     2
       Ignite Poison     |       |       |       |       |   181 ||   181
       Olgreb's Toxic Ra |       |       |       |       |   118 ||   118
 Abil: Shaft Self        |       |     3 |     1 |     7 |     1 ||    12
       Dig               |       |       |     2 |     9 |     4 ||    15
Evoke: Wand              |       |       |     1 |     6 |     4 ||    11
       Tin of tremorston |       |       |       |       |     1 ||     1
       Phantom mirror    |       |       |       |       |     1 ||     1
  Use: Scroll            |     2 |     2 |     6 |     4 |    15 ||    29
       Potion            |       |     2 |     1 |     9 |    13 ||    25
 Stab: Sleeping          |     9 |     3 |     4 |     1 |       ||    17
       Distracted        |       |       |     2 |     1 |     1 ||     4
       Invisible         |       |       |       |     2 |     2 ||     4
Armor: Leather armour    |    31 |    37 |    97 |       |       ||   165
       Ring mail         |       |       |   167 |   587 |   326 ||  1080
       Skin              |       |       |       |       |    20 ||    20
Dodge: Dodged            |    73 |    58 |   409 |   620 |   303 ||  1463
Block: Buckler           |       |       |       |    96 |   305 ||   401
       Reflection        |       |       |       |       |    21 ||    21

Table legend: (Time is in decaauts)
 A = Elapsed time spent in this place.
 B = Non-inter-level travel time spent in this place.
 C = Inter-level travel time spent in this place.
 D = Time resting spent in this place.
 E = Time spent auto-exploring this place.
 F = Levels seen in this place.
 G = Mean time per level.
                   A        B        C        D        E       F      G
               +--------+--------+--------+--------+--------+-----+--------+
         Total |  32427 |  30047 |   2380 |   9051 |   9081 |  26 | 1247.2 |
       Dungeon |  15358 |  14476 |    882 |   3433 |   5298 |  15 | 1023.9 |
        Temple |     91 |     68 |     23 |      0 |     58 |   1 |   91.0 |
          Lair |  11251 |  10101 |   1150 |   3354 |   3131 |   5 | 2250.2 |
  Orcish Mines |   3241 |   2918 |    323 |   1496 |    416 |   2 | 1620.5 |
   Elven Halls |    689 |    688 |      1 |    263 |    178 |   1 |  689.0 |
         Abyss |    216 |    216 |      0 |     16 |      0 |   1 |  216.0 |
        Bailey |   1578 |   1578 |      0 |    489 |      0 |   1 | 1578.0 |
               +--------+--------+--------+--------+--------+-----+--------+

Top non-repeatable levels by time:
  Lair:5: 5087 daAuts
    D:11: 2311 daAuts
  Lair:2: 1792 daAuts
  Lair:4: 1791 daAuts
   Orc:1: 1689 daAuts
  Bailey: 1578 daAuts
     D:8: 1560 daAuts
   Orc:2: 1551 daAuts
     D:7: 1551 daAuts
  Lair:3: 1392 daAuts
     D:9: 1203 daAuts
    D:12: 1202 daAuts
  Lair:1: 1186 daAuts
     D:6: 1151 daAuts
     D:5: 1135 daAuts
